 Dungeon Crawl Stone Soup version 0.29.1-1-gd02db6906a (webtiles) character file.

Game seed: 17078353496496466163

3 jamesp the Vexing (level 1, 0/15 HPs)
             Began as a Barachi Arcane Marksman on Sept 29, 2022.
             Succumbed to a goblin's poison
             ... on level 1 of the Dungeon.
             The game lasted 00:01:11 (316 turns).

jamesp the Vexing (Barachi Arcane Marksman)          Turns: 316, Time: 00:01:12

Health: 0/15       AC:  2    Str: 11    XL:     1   Next: 50%
Magic:  2/2        EV: 12    Int: 13    God:
Gold:   0          SH:  0    Dex: 12    Spells: 1/2 levels left

rFire   . . .      SeeInvis .   e - +0 short sword
rCold   . . .      Faith    .   (no shield)
rNeg    . . .      Spirit   .   c - +0 robe
rPois   .          Reflect  .   (no helmet)
rElec   .          Harm     .   (no cloak)
rCorr   .          Rampage  .   (no gloves)
Will    .....                   (no boots)
Stlth   +.........              (no amulet)
HPRegen 0.05/turn               (no ring)
MPRegen 0.08/turn               (no ring)

@: lethally poisoned (0 -> -6), unable to hop, slow
A: amphibious, slowness 1, strong legs 1, +LOS
a: Hop


You were on level 1 of the Dungeon.
You visited 1 branch of the dungeon, and saw 1 of its levels.

Inventory:

Hand Weapons
 a - a +1 sling
 e - a +0 short sword (weapon)
Armour
 c - a +0 robe (worn)
Scrolls
 b - a scroll of poison
Potions
 d - a potion of brilliance {unknown}


   Skills:
 - Level 1.2 Fighting
 + Level 2.1 Ranged Weapons
 + Level 2.3 Dodging
 + Level 1.2 Spellcasting
 - Level 3.2 Hexes


You had one spell level left.
You knew the following spells:

 Your Spells              Type           Power      Damage    Failure   Level
a - Slow                  Hex            36%        N/A       7%          1

Your spell library contained the following spells:

 Spells                   Type           Power      Damage    Failure   Level
 Inner Flame              Hex/Fire       5%         N/A       38%         3
 Portal Projectile        Hex/Tloc       10%        N/A       38%         3
 Cause Fear               Hex            4%         N/A       56%         4


Dungeon Overview and Level Annotations

Branches:
Dungeon (1/15)

Altars:


Innate Abilities, Weirdness & Mutations

You are amphibious.
You cover ground slowly.
You can hop short distances.
You have an extended range of vision and can be seen from far away.


Message History

You miss the frilled lizard. The frilled lizard misses you.
The frilled lizard barely misses you.
You hit the frilled lizard.
You kill the frilled lizard!
You see here a quokka corpse.
You start resting.
HP restored.
A goblin comes into view. It is wielding a +1 dagger of venom.
Found 5 stones.
The goblin shouts!
Hop to where?
Press: ? - help, Dir - move target
Okay, then.
Hop to where?
Press: ? - help, Dir - move target, f - goblin
Aim: a goblin, wielding a +1 dagger of venom You can't hop onto the goblin!
Hop to where?
Press: ? - help, Dir - move target, f/p - goblin
Aim: a goblin, wielding a +1 dagger of venom You can't hop onto the goblin!
Hop to where?
Press: ? - help, Dir - move target, p - goblin Boing!
The goblin hits you with a +1 dagger of venom.
You are lethally poisoned!
You barely miss the goblin.
You feel very sick.
The goblin hits you with a +1 dagger of venom.
You closely miss the goblin.
You feel very sick. The goblin closely misses you.
You completely miss the goblin.
* * * LOW HITPOINT WARNING * * *
You feel sick.
The goblin hits you with a +1 dagger of venom.
* * * LOW HITPOINT WARNING * * *
You hit the goblin.
You kill the goblin!
You die...

#.#.###.#.#.#####.#
#.#.......#.##..#.#
#.#####.#.#.##..#.# #
#.#.........
#.#####.#.#.##..#.
#............#..#
#..............†#
#.####....#..#.#####.#
#.......#......@)....#
#..###.##.#..##......#
........##....##.##.#.#
.#..##.)##........ .. #
#..##....##.## .#
#..##........ #
#........##..#
##.###....... #.# #.(#
...#


There were no monsters in sight!

Vanquished Creatures
  A quokka (D:1)
  A ball python (D:1)
  2 frilled lizards (D:1)
  A goblin (D:1)
5 creatures vanquished.

Vanquished Creatures (others)
  4 toadstools (D:1)
4 creatures vanquished.

Grand Total: 9 creatures vanquished

Notes
Turn   | Place    | Note
-------+----------+-------------------------------------------
     0 | D:1      | jamesp the Barachi Arcane Marksman began the quest for the
                  | Orb.
     0 | D:1      | Reached XP level 1. HP: 15/15 MP: 2/2
   316 | D:1      | Succumbed to a goblin's poison

Illustrated notes

Levels and vault maps discovered:
D:1:      ldierk_water_garden, layout_basic

Action                   || total
-------------------------++-------
Melee: Short sword       ||    11
       Unarmed           ||     9
 Abil: Hop               ||     1
Armor: Robe              ||     2
Dodge: Dodged            ||    11
